 Dungeon Crawl Stone Soup version 0.31-a0-1458-g2f8d4710b4 (webtiles) character file.

Game seed: 2010569059302913496

74 Ates the Trooper (level 4, -2/29 HPs)
             Began as a Gargoyle Fighter on Dec 28, 2023.
             Killed by divine providence
             ... invoked by an orc priest
              (12 damage)
             ... on level 3 of the Dungeon.
             The game lasted 00:45:36 (2622 turns).

Ates the Trooper (Gargoyle Fighter)                 Turns: 2622, Time: 00:45:37

Health: -2/29      AC: 10    Str: 21    XL:     4   Next: 30%
Magic:  4/4        EV:  9    Int:  9    God:
Gold:   116        SH:  4    Dex:  9    Spells: 3/3 levels left

rFire   . . .        a - +0 trident
rCold   . . .        c - +0 buckler
rNeg    + . .        b - +0 scale mail
rPois   ∞            (no helmet)
rElec   +            (no cloak)
rCorr   .            (no gloves)
SInv    .            (no boots)
Will    .....        (no amulet) Stlth
                     (no ring)
HPRegen 0.24/turn    (no ring)
MPRegen 0.09/turn

%: no passive effects
@: no status effects
A: sickness immunity, AC +3, negative energy resistance 1, electricity
resistance, torment resistance 1, petrification resistance
a: no special abilities


You were on level 3 of the Dungeon.
You visited 1 branch of the dungeon, and saw 3 of its levels.

You collected 116 gold pieces.

Inventory:

Hand Weapons
 a - a +0 trident (weapon)
 k - a +1 long sword of holy wrath
 n - a +0 hand axe
 o - a +0 dagger
 p - a +0 short sword
 q - a +0 dagger
 r - a +0 dagger
 s - a +0 dagger
 t - a +0 dagger
 u - a +0 short sword
 v - a +0 falchion
 x - a +0 mace
 y - a +0 falchion
 E - a +0 whip
Armour
 b - a +0 scale mail (worn)
 c - a +0 buckler (worn)
 h - a +2 helmet
 j - a +0 helmet
 l - a +0 ring mail
 m - a +0 helmet
 w - a +0 ring mail
 z - a +0 robe
 B - a +0 leather armour
 F - a +0 robe
 I - a +0 leather armour
Magical Staves
 i - a staff of alchemy
Jewellery
 C - a ring of positive energy
Talismans
 J - a blade talisman
Scrolls
 e - a scroll of enchant weapon {unknown}
 f - 2 scrolls of teleportation
 g - a scroll of torment {unknown}
 G - a scroll of silence {unknown}
 K - a scroll of revelation {unknown}
Potions
 d - a potion of might
 A - a potion of curing {unknown}
 D - a potion of resistance {unknown}
 H - 2 potions of heal wounds {unknown}


   Skills:
 + Level 3.8 Fighting
 + Level 2.8 Polearms
 + Level 3.7 Armour
 + Level 0.7 Dodging
 + Level 0.1 Stealth
 + Level 3.6 Shields


You had 3 spell levels left.
You didn't know any spells.
Your spell library contained the following spells:

 Spells                   Type           Power      Damage    Failure   Level
 Ignite Poison            Fire/Alch      0%         N/A       100%        4
 Freezing Cloud           Conj/Ice/Air   0%         6-21      100%        5
 Cigotuvi's Dreadful Rot  Necr/Alch/Air  Unusable   N/A       N/A         2

Dungeon Overview and Level Annotations

Branches:
Dungeon (3/15)

Altars:

Shops:
D:1 !


Innate Abilities, Weirdness & Mutations

You are immune to sickness and miasma.
Your stone body is resilient. (AC +3)
You are immune to poison.
You resist negative energy. (rN+)
You are resistant to electric shocks. (rElec)
You are resistant to unholy torment.
You are immune to petrification.


Message History

Okay, then.
There is a stone staircase leading down here.
You start resting.
HP restored.
You climb downwards.
You hear the sound of rushing water.
There is an entrance to a sewer on this level.
Hurry and find it before the portal rusts away!
You hear the rapid rusting of a very distant drain.
There is a stone staircase leading up here.
You completely miss the orc priest. The orc priest closely misses you.
You hit the orc priest.
The orc priest is lightly wounded.
The orc priest hits you but does no damage.
You puncture the orc priest!
The orc priest is severely wounded.
The orc priest hits you with a +2 dagger of freezing.
The orc priest freezes you.
You hit the orc priest but do no damage.
The orc priest is severely wounded.
The orc priest looks encouraged for a moment.
You closely miss the orc priest.
The orc priest is severely wounded.
The orc priest hits you with a +2 dagger of freezing.
The orc priest freezes you.
The orc priest invokes the aid of Beogh against you.
Beogh smites you!
You closely miss the orc priest.
The orc priest is severely wounded.
The orc priest hits you but does no damage.
You hit the orc priest but do no damage.
The orc priest is severely wounded.
The orc priest closely misses you.
You barely miss the orc priest.
The orc priest is severely wounded.
The orc priest barely misses you.
You barely miss the orc priest.
The orc priest is severely wounded.
The orc priest calls down the wrath of Beogh upon you.
Beogh smites you!
You die...

#########
#.......#
#.......#
###.....<.#####
......o@.....<.$
.##.......##....
#.......# ###
#.......#
#########


You could see an orc priest.

Vanquished Creatures
  2 adders (D:2)
  A worm (D:2)
  2 dart slugs (D:1)
  2 orcs (D:2)
  7 bats
  3 endoplasms
  A giant cockroach (D:2)
  5 goblins
  4 hobgoblins (D:1)
  2 quokkas (D:2)
  A ball python (D:2)
  7 frilled lizards
  8 kobolds (D:1)
  2 rats
47 creatures vanquished.

Notes
Turn   | Place    | Note
-------+----------+-------------------------------------------
     0 | D:1      | Ates the Gargoyle Fighter began the quest for the Orb.
     0 | D:1      | Reached XP level 1. HP: 14/14 MP: 1/1
   171 | D:1      | Reached XP level 2. HP: 8/19 MP: 2/2
   389 | D:1      | Found a faded altar of an unknown god.
   650 | D:1      | Reached XP level 3. HP: 24/24 MP: 3/3
   977 | D:1      | Found Imaph's Distillery.
  2020 | D:2      | Reached XP level 4. HP: 29/29 MP: 4/4
  2622 | D:3      | Killed from afar by an orc priest

Illustrated notes

Levels and vault maps discovered:
D:1:      dpeg_arrival_morbid_curiosity, layout_basic, serial_shops,
          nicolae_shop_stone, shapermc_ecumenical_altar_mp_vishouse,
          minmay_tromino_mix6
D:2:      layout_basic
D:3:      layout_loops_ring, fedhas_altar_fruit_tree,
          nicolae_dithmenos_the_darkroom, portal_sewer_entry_a, minivault_23,
          pf_guarded_unrand_meek, uniq_natasha

Skill      XL: |  1  2 |
---------------+-------+-----
Polearms       | 2 |  2.8
Fighting       | |  3.8
Armour         | |  3.7
Dodging        | |  0.7
Stealth        | |  0.1
Shields        | |  3.6

Action                     |  1- 3 |  4- 6 || total
---------------------------+-------+-------++-------
  Melee: Trident           |   154 |    34 ||   188
    Use: Scroll            |       |     1 ||     1
 Armour: Scale mail        |    85 |    29 ||   114
  Dodge: Dodged            |    73 |    16 ||    89
  Block: Buckler           |    28 |     4 ||    32

Table legend: (Time is in decaauts)
 A = Elapsed time spent in this place.
 B = Non-inter-level travel time spent in this place.
 C = Inter-level travel time spent in this place.
 D = Time resting spent in this place.
 E = Time spent auto-exploring this place.
 F = Levels seen in this place.
 G = Mean time per level.
                   A        B        C        D        E       F      G
               +--------+--------+--------+--------+--------+-----+--------+
         Total |   2668 |   1086 |   1582 |    437 |      0 |   3 |  889.3 |
       Dungeon |   2668 |   1086 |   1582 |    437 |      0 |   3 |  889.3 |
               +--------+--------+--------+--------+--------+-----+--------+

Top non-repeatable levels by time:
     D:1: 1609 daAuts
     D:2: 1042 daAuts
     D:3: 16 daAuts
